 Dungeon Crawl Stone Soup version 0.28.0-45-g0d030f2227 (webtiles) character file.

Game seed: 1503671448191798810

309 DearestLeader the Shield-Bearer (level 6, -7/53 HPs)
             Began as a Gnoll Fighter on Mar 31, 2022.
             Killed from afar by Dowan (14 damage)
             ... with a shard of ice
             ... on level 4 of the Dungeon.
             The game lasted 00:03:26 (2831 turns).

DearestLeader the Shield-Bearer (Gnoll Fighter)     Turns: 2831, Time: 00:03:27

Health: -7/53      AC:  7    Str: 17    XL:     6   Next: 41%
Magic:  16/18      EV:  9    Int:  8    God:
Gold:   27         SH:  5    Dex: 11    Spells: 9/9 levels left

rFire   . . .      SeeInvis .   a - +0 war axe
rCold   . . .      Faith    .   c - +0 buckler
rNeg    . . .      Spirit   .   b - +0 scale mail
rPois   .          Reflect  .   (no helmet)
rElec   .          Harm     .   (no cloak)
rCorr   .          Rampage  .   (no gloves)
Will    .....                   (no boots)
Stlth   ..........              (no amulet)
HPRegen 0.17/turn               k - ring of magical power
MPRegen 0.16/turn               (no ring)

@: mighty
A: fangs 1, strong nose, distributed training
a: no special abilities


You were on level 4 of the Dungeon.
You visited 1 branch of the dungeon, and saw 4 of its levels.

You collected 155 gold pieces.
You spent 128 gold pieces at shops.

Inventory:

Hand Weapons
 a - a +0 war axe (weapon)
 f - a +0 hunting sling
 g - a +0 broad axe
Missiles
 n - 47 sling bullets
Armour
 b - a +0 scale mail (worn)
 c - a +0 buckler (worn)
Jewellery
 i - a ring of ice
 k - a ring of magical power (left hand)
Wands
 l - a wand of polymorph (11)
Scrolls
 h - a scroll of enchant armour {unknown}
 j - a scroll of noise {unknown}
 m - 2 scrolls of magic mapping
 o - 2 scrolls of fear {unknown}
 p - 2 scrolls of teleportation
 q - a scroll of silence
Potions
 e - 3 potions of curing
 r - a potion of mutation {unknown}


   Skills:
 + Level 6.8 Fighting
 + Level 2.0 Short Blades
 + Level 2.0 Long Blades
 + Level 5.0 Axes
 + Level 2.0 Maces & Flails
 + Level 2.0 Polearms
 + Level 2.0 Staves
 + Level 2.0 Slings
 + Level 2.0 Bows
 + Level 2.0 Crossbows
 + Level 2.0 Throwing
 + Level 6.8 Armour
 + Level 2.0 Dodging
 + Level 2.0 Stealth
 + Level 6.8 Shields
 + Level 2.0 Unarmed Combat
 + Level 2.0 Spellcasting
 + Level 1.5 Conjurations
 + Level 1.5 Hexes
 + Level 1.5 Summonings
 + Level 1.5 Necromancy
 + Level 1.5 Translocations
 + Level 1.5 Transmutations
 + Level 1.5 Fire Magic
 + Level 1.5 Ice Magic
 + Level 1.5 Air Magic
 + Level 1.5 Earth Magic
 + Level 1.5 Poison Magic
 + Level 2.1 Invocations
 + Level 2.0 Evocations


You had 9 spell levels left.
You didn't know any spells.
Your spell library was empty.

Dungeon Overview and Level Annotations

Branches:
Dungeon (4/15)
 Temple: D:4-7

Altars:

Shops:
D:3 *?   D:4 *

Annotations:
D:4 Dowan


Innate Abilities, Weirdness & Mutations

You have very sharp teeth.
Your uncanny sense of smell can sniff out nearby items.
Your experience applies equally to all skills.


Message History

Duvessa hits you with a +0 rapier. x2
Dowan mumbles some strange words.
Dowan blinks!
You barely miss Duvessa.
Duvessa is severely wounded.
Duvessa hits you with a +0 rapier!
* * * LOW HITPOINT WARNING * * *
Duvessa closely misses you.
You hit Duvessa. You bite Duvessa.
You kill Duvessa!
Dowan screams, "No!
Oh no!"
Dowan seems to find hidden reserves of power!
Your Short Blades skill increases to level 2!
Your Long Blades skill increases to level 2!
Your Axes skill increases to level 5!
Your Maces & Flails skill increases to level 2!
Your Polearms skill increases to level 2!
Your Staves skill increases to level 2!
Your Slings skill increases to level 2!
Your Bows skill increases to level 2!
Your Crossbows skill increases to level 2!
Your Throwing skill increases to level 2!
Your Dodging skill increases to level 2!
Your Stealth skill increases to level 2!
Your Unarmed Combat skill increases to level 2!
Your Spellcasting skill increases to level 2!
Your Invocations skill increases to level 2!
Your Evocations skill increases to level 2!
You have reached level 6!
Unknown command.
Dowan hits you with a +0 dagger.
* * * LOW HITPOINT WARNING * * *
Things that are here:
a +0 rapier; a +0 leather armour You slash Dowan!
Dowan is severely wounded.
Dowan points at you and mumbles some strange words.
You block the stone arrow. Dowan gestures at you while chanting.
The shard of ice hits you!
You die...

.. #...# .. ##...#
.####.<.# ##.
#....######### ## #..
#.##.8#..8...#
##..##.###.##...÷...###
#.........e##.>.∩.<.#
#e# #.......#
#@######.8..#8.###
...####.##..............
#.....†..#############
..........## #
..........# #
###.......# # #.......#
# #########


You could see Dowan (fast).

Vanquished Creatures
  Duvessa (D:4)
  A necrophage (D:3)
  An iguana (D:4)
  3 adders
  A dart slug (D:3)
  An orc (D:3)
  6 ball pythons
  4 bats
  7 endoplasms
  4 giant cockroaches
  2 goblins
  5 hobgoblins
  3 jackals (D:1)
  5 kobolds
  5 quokkas
  4 frilled lizards
  4 rats
57 creatures vanquished.

Vanquished Creatures (others)
  10 plants (D:2)
  10 withered plants (D:2)
20 creatures vanquished.

Grand Total: 77 creatures vanquished

Notes
Turn   | Place    | Note
-------+----------+-------------------------------------------
     0 | D:1      | DearestLeader the Gnoll Fighter began the quest for the
                  | Orb.
     0 | D:1      | Reached XP level 1. HP: 23/23 MP: 1/1
   337 | D:1      | Reached XP level 2. HP: 25/29 MP: 2/2
   834 | D:2      | Reached XP level 3. HP: 31/35 MP: 2/4
  1085 | D:2      | Reached skill level 1 in Invocations
  1120 | D:2      | Found a faded altar of an unknown god.
  1848 | D:3      | Found Nenivar's Assorted Antiques.
  1855 | D:3      | Reached skill level 1 in Short Blades
  1855 | D:3      | Reached skill level 1 in Long Blades
  1855 | D:3      | Reached skill level 1 in Maces & Flails
  1855 | D:3      | Reached skill level 1 in Polearms
  1855 | D:3      | Reached skill level 1 in Staves
  1855 | D:3      | Reached skill level 1 in Slings
  1855 | D:3      | Reached skill level 1 in Bows
  1855 | D:3      | Reached skill level 1 in Crossbows
  1855 | D:3      | Reached skill level 1 in Throwing
  1855 | D:3      | Reached skill level 1 in Dodging
  1855 | D:3      | Reached skill level 1 in Stealth
  1855 | D:3      | Reached skill level 1 in Unarmed Combat
  1855 | D:3      | Reached skill level 1 in Spellcasting
  1855 | D:3      | Reached skill level 1 in Evocations
  1869 | D:3      | Bought a scroll labelled IDODAG JIOPTA for 23 gold pieces
  1869 | D:3      | Bought a scroll labelled IDODAG JIOPTA for 23 gold pieces
  1869 | D:3      | Bought a scroll labelled DYNWUNKITAE for 23 gold pieces
  1869 | D:3      | Bought a murky sapphire potion for 20 gold pieces
  1913 | D:3      | Noticed a necrophage
  1928 | D:3      | Killed a necrophage
  1929 | D:3      | Reached skill level 1 in Conjurations
  1929 | D:3      | Reached skill level 1 in Hexes
  1929 | D:3      | Reached skill level 1 in Summonings
  1929 | D:3      | Reached skill level 1 in Necromancy
  1929 | D:3      | Reached skill level 1 in Translocations
  1929 | D:3      | Reached skill level 1 in Transmutations
  1929 | D:3      | Reached skill level 1 in Fire Magic
  1929 | D:3      | Reached skill level 1 in Ice Magic
  1929 | D:3      | Reached skill level 1 in Air Magic
  1929 | D:3      | Reached skill level 1 in Earth Magic
  1929 | D:3      | Reached skill level 1 in Poison Magic
  1929 | D:3      | Reached XP level 4. HP: 36/41 MP: 6/6
  1929 | D:3      | Reached XP level 5. HP: 41/47 MP: 7/7
  2216 | D:3      | Found Wedue's Magic Scroll Shoppe.
  2228 | D:3      | Bought a scroll of teleportation for 39 gold pieces
  2454 | D:4      | Found Udinliyz's General Store.
  2817 | D:4      | Noticed Duvessa
  2817 | D:4      | Noticed Dowan
  2829 | D:4      | Killed Duvessa
  2830 | D:4      | Reached skill level 5 in Axes
  2830 | D:4      | Reached XP level 6. HP: 12/53 MP: 9/9
  2831 | D:4      | Killed from afar by Dowan

Illustrated notes

Levels and vault maps discovered:
D:1:      sevenhm_arrival_forest_fort_small_4, layout_loops_ring,
          minmay_curled_crystal
D:2:      layout_basic, shapermc_ecumenical_altar_flowoftime
D:3:      layout_rooms, serial_shops, nicolae_diamond_shop, shop,
          chequers_serial_rivers_micro_c
D:4:      layout_rooms, serial_shops, nicolae_shop_advertising_works
          [nicolae_subvault_shop_adworks], nicolae_shop_hallway_stairs, shop,
          nicolae_stop_n_shop_2, kennysheep_little_box, uniq_ijyb, uniq_duvessa,
          uniq_natasha, uniq_sigmund

Skill      XL: |  1  2  3  4  5 |
---------------+----------------+-----
Invocations    | 1 2 |  2.1
Short Blades   | 1 2 |  2.0
Long Blades    | 1 2 |  2.0
Maces & Flails | 1 2 |  2.0
Polearms       | 1 2 |  2.0
Staves         | 1 2 |  2.0
Slings         | 1 2 |  2.0
Bows           | 1 2 |  2.0
Crossbows      | 1 2 |  2.0
Throwing       | 1 2 |  2.0
Dodging        | 1 2 |  2.0
Stealth        | 1 2 |  2.0
Unarmed Combat | 1 2 |  2.0
Spellcasting   | 1 2 |  2.0
Evocations     | 1 2 |  2.0
Conjurations   | 1 |  1.5
Hexes          | 1 |  1.5
Summonings     | 1 |  1.5
Necromancy     | 1 |  1.5
Translocations | 1 |  1.5
Transmutations | 1 |  1.5
Fire Magic     | 1 |  1.5
Ice Magic      | 1 |  1.5
Air Magic      | 1 |  1.5
Earth Magic    | 1 |  1.5
Poison Magic   | 1 |  1.5
Axes           | 5 |  5.0
Fighting       | |  6.8
Armour         | |  6.8
Shields        | |  6.8

Action                   |  1- 3 |  4- 6 || total
-------------------------+-------+-------++-------
Melee: War axe           |    99 |    55 ||   154
       Bite              |     7 |     4 ||    11
  Use: Scroll            |     2 |     2 ||     4
       Potion            |       |     1 ||     1
Armor: Scale mail        |    38 |    32 ||    70
Dodge: Dodged            |    42 |    21 ||    63
Block: Buckler           |    26 |    16 ||    42
